 Dungeon Crawl Stone Soup version 0.27-a0-1612-gde56a17b89 (webtiles) character file.

Game seed: 9335280964526600366

1773 night the Stinger (level 9, -2/57 HPs)
             Began as a Gargoyle Venom Mage on July 21, 2021.
             Was an Initiate of Gozag.
             Slain by a wight (8 damage)
             ... on level 5 of the Dungeon.
             The game lasted 00:12:49 (6477 turns).

night the Stinger (Gargoyle Venom Mage)             Turns: 6477, Time: 00:12:50

Health: -2/57      AC: 16    Str: 11    XL:     9   Next: 7%
Magic:  27/27      EV: 15    Int: 20    God:    Gozag
Gold:   301        SH:  0    Dex: 10    Spells: 10/20 levels left

rFire    . . .     SeeInvis .   j - +3 dagger (protect)
rCold    . . .     Faith    .   (no shield)
rNeg     + . .     Spirit   .   a - +0 robe
rPois    ∞         Reflect  .   (no helmet)
rElec    +         Harm     .   q - +0 cloak
rCorr    .         Rampage  .   (no gloves)
Will     .....                  (no boots)
Stlth    ++........             n - amulet of magic regeneration
HPRegen  0.19/turn              v - ring of magical power
MPRegen  0.45/turn              r - +4 ring of evasion

@: gold aura, under a protective aura
A: sickness immunity, AC +6, negative energy resistance 1, electricity
resistance, torment resistance 1, petrification resistance
a: Renounce Religion, Potion Petition, Call Merchant, Bribe Branch


You were on level 5 of the Dungeon.
You worshipped Gozag.
Gozag was aware of your devotion.
You visited 2 branches of the dungeon, and saw 7 of its levels.

You collected 354 gold pieces.
You paid 53 gold pieces to Gozag.

Inventory:

Hand Weapons
 i - a +0 spear of flaming
 j - a +3 dagger of protection (weapon)
 s - a +0 rapier
Missiles
 b - 188 stones
 c - 64 bolts
 f - 29 arrows
 g - 8 javelins
 h - 40 sling bullets
 t - 9 poisoned darts
Armour
 a - a +0 robe (worn)
 q - a +0 cloak (worn)
Jewellery
 k - a ring of positive energy
 n - an amulet of magic regeneration (around neck)
 r - a +4 ring of evasion (right hand)
 v - a ring of magical power (left hand)
Wands
 w - a wand of iceblast (9)
Scrolls
 e - a scroll of enchant weapon
 o - 4 scrolls of identify {unknown}
Potions
 d - a potion of resistance {unknown}
 l - a potion of heal wounds {unknown}
 m - a potion of might {unknown}
 p - a potion of lignification {unknown}
 u - 2 potions of brilliance {unknown}
 x - a potion of berserk rage {unknown}
 z - a potion of flight {unknown}


   Skills:
 + Level 7.0 Fighting
 - Level 1.5 Dodging
 - Level 2.1 Stealth
 + Level 6.2 Spellcasting
 - Level 0.7 Transmutations
 + Level 7.2 Poison Magic


You had 10 spell levels left.
You knew the following spells:

 Your Spells              Type           Power      Damage    Failure   Level
a - Sting                 Tmut/Pois      88%        1d7       1%          1
b - Poisonous Vapours     Pois/Air       40%        N/A       3%          2
c - Mephitic Cloud        Conj/Pois/Air  15%        N/A       12%         3
d - Olgreb's Toxic Radia  Pois           35%        N/A       4%          4

Your spell library contained the following spells:

 Spells                   Type           Power      Damage    Failure   Level
 Call Canine Familiar     Summ           6%         N/A       30%         3
 Portal Projectile        Hex/Tloc       12%        N/A       30%         3
 Leda's Liquefaction      Hex/Erth       3%         N/A       71%         4


Dungeon Overview and Level Annotations

Branches:
Dungeon (6/15)             Temple (1/1) D:5

Altars:
Ashenzari
Cheibriados
Dithmenos
Elyvilon
Gozag
Hepliaklqana
Makhleb
Nemelex Xobeh
Okawaru
Qazlal
Ru
Sif Muna
Trog
Vehumet
Wu Jian
Xom
Zin
The Shining One


Innate Abilities, Weirdness & Mutations

You are immune to sickness and miasma.
Your stone body is resilient. (AC +6)
You are immune to poison.
You resist negative energy. (rN+)
You are resistant to electric shocks. (rElec)
You are resistant to unholy torment.
You are immune to petrification.


Message History

The wight is severely damaged.
The wight misses you.
You closely miss the wight.
The wight is severely damaged.
The wight barely misses you.
You closely miss the wight.
The wight is severely damaged.
The wight barely misses you.
You hit the wight but do no damage.
Your weapon exudes an aura of protection.
The wight is severely damaged.
The wight barely misses you.
You barely miss the wight.
The wight is severely damaged.
The wight closely misses you.
You closely miss the wight.
The wight is severely damaged.
The wight completely misses you.
You hit the wight.
The wight is almost destroyed.
The wight barely misses you.
You hit the wight.
You destroy the wight!
You hit the wight but do no damage.
The wight is severely damaged.
The wight hits you with a +3 falchion.
You hit the wight but do no damage.
The wight is severely damaged.
The wight hits you with a +3 falchion!
* * * LOW HITPOINT WARNING * * *
You hit the wight but do no damage.
The wight is severely damaged.
The wight hits you but does no damage.
You barely miss the wight.
The wight is severely damaged.
The wight hits you with a +3 falchion!
* * * LOW HITPOINT WARNING * * *
The wight hits you with a +3 falchion!
You die...
Your body crumbles into a pile of gold.

..##<###.....##
#........# # .###.#
##...## ####.##### #
.....# ##)## #.# # .#####
#[# #.# # .# #.# #.# # .#
##.## #.# # .# ###...##
#.# # .#
#......##########.# # .#
#.....>$.z@.......# #
.######...>.#############
# ............# #
#######.....# #######


You could see a wight.

Vanquished Creatures
  A hornet (D:5)
  Edmund (D:3)
  An orc warrior (D:6)
  A black bear (D:5)
  A sky beast (D:5)
  An ice beast (D:5)
  A necrophage (D:5)
  2 ogres
  A bullfrog (D:6)
  2 scorpions
  3 wights
  3 hounds (D:5)
  An orc priest (D:5)
  Crazy Yiuf (D:2)
  A bullfrog skeleton (D:5)
  Terence (D:3)
  An iguana (D:5)
  3 orc wizards
  A scorpion zombie (D:5)
  3 gnolls (D:5)
  4 adders
  A shadow imp (D:5)
  A white imp (D:5)
  An ufetubus (D:5)
  2 worms
  2 dart slugs (D:4)
  18 orcs
  6 endoplasms
  3 giant cockroaches
  7 goblins
  7 hobgoblins
  16 jackals
  4 ball pythons
  2 bats
  A frilled lizard (D:2)
  A jackal skeleton (D:4)
  5 kobolds
  A quokka skeleton (D:2)
112 creatures vanquished.

Notes
Turn   | Place    | Note
-------+----------+-------------------------------------------
     0 | D:1      | night the Gargoyle Venom Mage began the quest for the Orb.
     0 | D:1      | Reached XP level 1. HP: 10/10 MP: 3/3
   419 | D:1      | Reached XP level 2. HP: 16/16 MP: 3/5
   467 | D:1      | Reached skill level 1 in Fighting
   997 | D:1      | Reached XP level 3. HP: 20/20 MP: 6/6
  1000 | D:1      | Learned a level 2 spell: Poisonous Vapours
  1457 | D:2      | Found a runed translucent door.
  1458 | D:2      | Noticed Crazy Yiuf
  1880 | D:2      | You fall into a shaft and drop 1 floor!
  2008 | D:3      | Reached skill level 2 in Fighting
  2223 | D:2      | Reached XP level 4. HP: 21/26 MP: 6/8
  2407 | D:2      | Learned a level 3 spell: Mephitic Cloud
  2679 | D:2      | Killed Crazy Yiuf
  2801 | D:3      | Noticed Terence
  2815 | D:3      | Killed Terence
  2816 | D:3      | Reached XP level 5. HP: 21/31 MP: 6/9
  2821 | D:3      | Learned a level 4 spell: Olgreb's Toxic Radiance
  3457 | D:4      | Noticed an ogre
  3460 | D:4      | Noticed Edmund
  3486 | D:4      | Killed an ogre
  3487 | D:4      | Reached XP level 6. HP: 32/37 MP: 2/11
  3529 | D:3      | Killed Edmund
  3953 | D:4      | Reached skill level 5 in Poison Magic
  4007 | D:4      | Found a snail-covered altar of Cheibriados.
  4221 | D:5      | Entered Level 5 of the Dungeon
  4240 | D:5      | Reached XP level 7. HP: 39/43 MP: 13/13
  4508 | D:5      | Found a staircase to the Ecumenical Temple.
  4607 | Temple   | Entered the Ecumenical Temple
  4793 | Temple   | Became a worshipper of Gozag Ym Sagoz the Greedy
  4938 | D:5      | Reached skill level 5 in Fighting
  5025 | D:5      | Reached XP level 8. HP: 37/49 MP: 15/15
  5163 | D:5      | Reached skill level 5 in Spellcasting
  5450 | D:5      | Noticed a hornet
  5459 | D:5      | Killed a hornet
  5842 | D:5      | Found a broken altar of Ashenzari.
  6112 | D:6      | Reached XP level 9. HP: 34/56 MP: 18/18
  6475 | D:5      | HP: 5/57 [wight (8)]
  6477 | D:5      | Slain by a wight

Illustrated notes

Levels and vault maps discovered:
D:1:      lightli_arrival_chessboard, layout_loops_cross
D:2:      layout_basic, serial_curves, eino_curves_03, eino_curves_03,
          uniq_crazy_yiuf_cottage
D:3:      layout_rooms, uniq_terence
D:4:      layout_cave_pools, cheibrodos_worm_habitat, minmay_crossroads,
          uniq_edmund
D:5:      layout_loops_corners, lemuel_doored_altar, temple_pool_b
D:6:      layout_cave_pods, minmay_misc_feat_four_crosses, uniq_eustachio
Temple:   nicolae_temple_elliptical

Skill      XL: |  1  2  3  4  5  6  7  8  9 |
---------------+----------------------------+-----
Fighting       | 1 2 3 4 5 6 7 |  7.0
Spellcasting   | 3 4 6 |  6.2
Poison Magic   | 4 5 7 |  7.2
Dodging        | |  1.5
Stealth        | |  2.1
Transmutations | |  0.7

Action                   |  1- 3 |  4- 6 |  7- 9 || total
-------------------------+-------+-------+-------++-------
Melee: Spear             |    11 |       |       ||    11
       Unarmed           |     1 |       |       ||     1
       Dagger            |    42 |    51 |   137 ||   230
 Cast: Sting             |    43 |    28 |    28 ||    99
       Poisonous Vapours |    15 |    28 |    21 ||    64
       Olgreb's Toxic Ra |       |     1 |     7 ||     8
Evoke: Wand              |       |       |     3 ||     3
  Use: Scroll            |       |     5 |       ||     5
 Stab: Sleeping          |     2 |     1 |     2 ||     5
Armor: Robe              |    30 |    16 |    45 ||    91
Dodge: Dodged            |    37 |    39 |   116 ||   192

Table legend: (Time is in decaauts)
 A = Elapsed time spent in this place.
 B = Non-inter-level travel time spent in this place.
 C = Inter-level travel time spent in this place.
 D = Time resting spent in this place.
 E = Time spent auto-exploring this place.
 F = Levels seen in this place.
 G = Mean time per level.
                   A        B        C        D        E       F      G
               +--------+--------+--------+--------+--------+-----+--------+
         Total |   6495 |   6237 |    258 |    767 |   4274 |   7 |  927.9 |
       Dungeon |   6285 |   6064 |    221 |    767 |   4103 |   6 | 1047.5 |
        Temple |    209 |    172 |     37 |      0 |    171 |   1 |  209.0 |
               +--------+--------+--------+--------+--------+-----+--------+

Top non-repeatable levels by time:
     D:5: 1969 daAuts
     D:2: 1343 daAuts
     D:1: 1253 daAuts
     D:3: 964 daAuts
     D:4: 674 daAuts
  Temple: 209 daAuts
     D:6: 81 daAuts
